 Dungeon Crawl Stone Soup version 0.30-a0-696-g2367cd04db (webtiles) character file.

Game seed: 13651632342506242957

30 NinjaNoafa the Digger (level 3, -1/19 HPs)
             Began as a Gargoyle Earth Elementalist on Jan 20, 2023.
             Frozen to death by an endoplasm (4 damage)
             ... on level 1 of the Dungeon.
             The game lasted 00:00:46 (310 turns).

NinjaNoafa the Digger (Gargoyle Earth Elementalist)  Turns: 310, Time: 00:00:47

Health: -1/19      AC:  5    Str: 11    XL:     3   Next: 20%
Magic:  4/7        EV: 11    Int: 17    God:
Gold:   0          SH:  0    Dex: 10    Spells: 6/7 levels left

rFire   . . .      SeeInvis .    (no weapon)
rCold   . . .      Faith    .    (no shield)
rNeg    + . .      Spirit   .    a - +0 robe
rPois   ∞          Reflect  .    (no helmet)
rElec   +          Harm     .    (no cloak)
rCorr   .          Rampage  .    (no gloves)
Will    .....                    (no boots)
Stlth   ++                       (no amulet)
HPRegen 0.23/turn                (no ring)
MPRegen 0.10/turn                (no ring)

@: no status effects
A: sickness immunity, AC +3, negative energy resistance 1, electricity
resistance, torment resistance 1, petrification resistance
a: no special abilities


You were on level 1 of the Dungeon.
You visited 1 branch of the dungeon, and saw 1 of its levels.

Inventory:

Missiles
 f - 2 atropa-tipped darts
Armour
 a - a +0 robe (worn)
Scrolls
 e - a scroll of noise {unknown}
 g - a scroll of teleportation {unknown}
Potions
 c - a potion of flight {unknown}
 d - a potion of resistance {unknown}


   Skills:
 - Level 1.5 Dodging
 - Level 2.1 Stealth
 + Level 2.7 Spellcasting
 - Level 0.7 Transmutations
 + Level 4.4 Earth Magic


You had 6 spell levels left.
You knew the following spells:

 Your Spells              Type           Power      Damage    Failure   Level
a - Sandblast             Erth           34%        2d9       3%          1

Your spell library contained the following spells:

 Spells                   Type           Power      Damage    Failure   Level
 Passwall                 Tmut/Erth      9%         N/A       10%         2
 Stone Arrow              Conj/Erth      18%        3d8       22%         3
 Petrify                  Tmut/Erth      11%        N/A       52%         4


Dungeon Overview and Level Annotations

Branches:
Dungeon (1/15)

Altars:


Innate Abilities, Weirdness & Mutations

You are immune to sickness and miasma.
Your stone body is resilient. (AC +3)
You are immune to poison.
You resist negative energy. (rN+)
You are resistant to electric shocks. (rElec)
You are resistant to unholy torment.
You are immune to petrification.


Message History

You kill the goblin!
The kobold shouts!
The bat closely misses you. The endoplasm freezes you.
You are frozen.
The frilled lizard attacks as you move away!
The frilled lizard bites you but does no damage.
The bat closely misses you.
The frilled lizard hisses.
The endoplasm hits you but does no damage.
Magic courses through your body.
The frilled lizard bites you but does no damage.
The endoplasm barely misses you. The rat closely misses you.
Aiming: Sandblast (safe; 3% risk of failure)
Press: ? - help, Q - select action, (/) - cycle Shift-Dir - straight line, f - rat
Aim: a rat (82% to hit)
The blast of sand hits the rat but does no damage.
The frilled lizard barely misses you. The endoplasm barely misses you.
The rat bites you but does no damage. The rat closely misses you.
The frilled lizard misses you. The endoplasm barely misses you.
Aiming: Sandblast (safe; 3% risk of failure)
Press: ? - help, Q - select action, (/) - cycle Shift-Dir - straight line, f/p - rat
Aim: a rat (82% to hit)
The blast of sand hits the rat.
You kill the rat!
The bat hits you but does no damage.
The frilled lizard bites you but does no damage.
The endoplasm freezes you.
You are frozen.
* * * LOW HITPOINT WARNING * * *
The bat hits you but does no damage. x2; The endoplasm barely misses you.
Aiming: Sandblast (safe; 3% risk of failure)
Press: ? - help, Q - select action, (/) - cycle Shift-Dir - straight line, f - bat
Aim: a bat (73% to hit)
The blast of sand hits the bat!
You kill the bat!
The frilled lizard barely misses you. The endoplasm freezes you.
You are frozen.
You die...

.......#..####..)......(..#
........#.............#....
P....P...............##....
..P.P....).........##......
P..P.P.....####............
..PPP..##..# #..####......
...........# .... .......
..........†# ..... ....
......####@## ###.## ....
...##. #lJ######.# .... >..
## ##KK...... #...
###..##.. #### ..[# ..).
##... #.. ..


You could see an endoplasm, 2 kobolds and a frilled lizard.

Vanquished Creatures
  A gnoll (D:1)
  2 dart slugs (D:1)
  2 ball pythons (D:1)
  2 endoplasms (D:1)
  A giant cockroach (D:1)
  A goblin (D:1)
  2 bats (D:1)
  3 frilled lizards (D:1)
  6 rats (D:1)
20 creatures vanquished.

Vanquished Creatures (others)
  6 plants (D:1)
6 creatures vanquished.

Grand Total: 26 creatures vanquished

Notes
Turn   | Place    | Note
-------+----------+-------------------------------------------
     0 | D:1      | NinjaNoafa the Gargoyle Earth Elementalist began the quest
                  | for the Orb.
     0 | D:1      | Reached XP level 1. HP: 10/10 MP: 3/3
    42 | D:1      | Reached XP level 2. HP: 15/15 MP: 0/5
    45 | D:1      | Reached skill level 4 in Earth Magic
   292 | D:1      | Reached XP level 3. HP: 17/19 MP: 0/7
   310 | D:1      | Frozen to death by an endoplasm

Illustrated notes

Levels and vault maps discovered:
D:1:      noname_arrival_rooms_in_the_neighbourhood, layout_rooms,
          nicolae_grassy_gnolls

Skill      XL: |  1  2 |
---------------+-------+-----
Earth Magic    | 4 |  4.4
Dodging        | |  1.5
Stealth        | |  2.1
Spellcasting   | |  2.7
Transmutations | |  0.7

Action                   || total
-------------------------++-------
Melee: Unarmed           ||    13
 Cast: Sandblast         ||    22
  Use: Potion            ||     1
Armor: Robe              ||    33
Dodge: Dodged            ||    51

Table legend: (Time is in decaauts)
 A = Elapsed time spent in this place.
 B = Non-inter-level travel time spent in this place.
 C = Inter-level travel time spent in this place.
 D = Time resting spent in this place.
 E = Time spent auto-exploring this place.
 F = Levels seen in this place.
 G = Mean time per level.
                   A        B        C        D        E       F      G
               +--------+--------+--------+--------+--------+-----+--------+
         Total |    320 |    320 |      0 |      0 |    192 |   1 |  320.0 |
       Dungeon |    320 |    320 |      0 |      0 |    192 |   1 |  320.0 |
               +--------+--------+--------+--------+--------+-----+--------+

Top non-repeatable levels by time:
     D:1: 320 daAuts
